Map: Whispers of Gold

Players

orcrine

  • Race: Protoss Protoss
  • League: Diamond
  • Spawn Location: 5:00

wootwoot - Winner!

  • Race: Zerg Zerg
  • League: Diamond
  • Spawn Location: 9:00

VOD

Have the link to the VOD?

Description

Time

  • Played on: April 2, 2025, 8:18 p.m.
  • Length: 2:45
Show
View Real Time Build Order
Export as new Build Order

orcrine Protoss 

Build Orders:  

Get SALT Encoding   

  12  0:00  Probe  
  13  0:12  Probe  
  14  0:19  Pylon  
  14  0:24  Probe  
  15  0:38  Gateway, Probe  
  16  0:46  Probe  
  16  0:55  Pylon  
  16  0:56  Probe  
  18  1:08  Assimilator  
  18  1:20  Zealot  
  18  1:32  Gateway  
  20  1:34  Forge  
  20  1:41  Probe  
  20  1:43  Zealot  
  21  2:06  Photon Cannon  
  21  2:08  Photon Cannon  
  21  2:18  Photon Cannon  
  21  2:25  Pylon  
  21  2:36  Pylon  
Show
View Real Time Build Order
Export as new Build Order

wootwoot Zerg - Winner!

Build Orders: Pool Only 

Get SALT Encoding   

  12  0:18  Spawning Pool  
  11  0:23  Drone  
  11  0:28  Drone  
  13  0:32  Drone  
  14  0:41  Overlord  
  14  1:05  Zergling x4  
  14  1:06  Zergling x2  
  17  1:17  Zergling x2  
  18  1:30  Zergling x2  
  19  1:39  Zergling x2  
  20  1:49  Zergling x2  
  20  2:04  Zergling x2  
  21  2:13  Zergling x2  
Tags
 
Matchup
PvZ
Opening
Pool Only
Replay Pack
B2M-Replays
Spawn Locations
Cross Positions
Add a new tag
Caveats
  • Supply blocks, unpowered buildings, or Contaminate may cause inaccurate times.
  • Supply counts are checked every 10 seconds.